 Dungeon Crawl Stone Soup version 0.28-a0-793-g31680bbd8b (webtiles) character file.

Game seed: 9325387782178801124

55 kae the Chopper (level 3, 0/33 HPs)
             Began as a Hill Orc Cinder Acolyte on Nov 3, 2021.
             Was a High Priest of Ignis.
             Shot with a stone by a goblin (3 damage)
             ... led by Robin
             ... on level 2 of the Dungeon.
             The game lasted 00:01:39 (2045 turns).

kae the Chopper (Hill Orc Cinder Acolyte)           Turns: 2045, Time: 00:01:39

Health: 0/33       AC:  2    Str: 17    XL:     3   Next: 93%
Magic:  0/5        EV: 11    Int: 14    God:    Ignis [*****.]
Gold:   35         SH:  0    Dex: 12    Spells: 2/4 levels left

rFire   + . .      SeeInvis .   a - -1 hand axe (flame)
rCold   . . .      Faith    .   (no shield)
rNeg    . . .      Spirit   .   b - +0 robe
rPois   .          Reflect  .   (no helmet)
rElec   .          Harm     .   (no cloak)
rCorr   .          Rampage  .   (no gloves)
Will    .....                   (no boots)
Stlth   +.........              (no amulet)
HPRegen 0.11/turn               h - +6 ring of dexterity
MPRegen 0.09/turn               (no ring)

@: very slow
A: no striking features
a: Renounce Religion, Sea of Fire, Foxfire Swarm, Rising Flame


You were on level 2 of the Dungeon.
You worshipped Ignis.
Ignis was extremely pleased with you.
You visited 1 branch of the dungeon, and saw 2 of its levels.

You collected 35 gold pieces.

Inventory:

Hand Weapons
 a - a -1 hand axe of flaming (weapon)
Armour
 b - a +0 robe (worn)
Jewellery
 h - a +6 ring of dexterity (left hand)
Scrolls
 e - a scroll of fear
Potions
 c - a potion of brilliance
 g - a potion of mutation {unknown}


   Skills:
 + Level 4.1 Fighting
 * Level 5.0 Axes
 + Level 1.4 Spellcasting
 + Level 3.7 Fire Magic


You had 2 spell levels left.
You knew the following spells:

 Your Spells              Type           Power      Damage    Failure   Level
a - Scorch                Fire           22%        2d6       9%          2

Your spell library contained the following spells:

 Spells                   Type           Power      Damage    Failure   Level


Dungeon Overview and Level Annotations

Branches:
Dungeon (2/15)

Altars:

Annotations:
D:2 Robin


Message History

* * * LOW HITPOINT WARNING * * *
The goblin shoots a stone.
The stone closely misses you.
The goblin shoots a stone.
The stone closely misses you.
The goblin shoots a stone.
The stone barely misses you.
You start resting.
A goblin is nearby!
Casting: Scorch (safe; 9% risk of failure)
Confirm with . or Enter, or press ? or * to list all spells.
Flames lash the goblin.
You kill the goblin!
You hear a splash.
You start resting.
A hobgoblin is nearby!
Casting: Scorch (safe; 9% risk of failure)
Confirm with . or Enter, or press ? or * to list all spells.
Flames lash the hobgoblin.
You kill the hobgoblin!
Your Axes skill increases to level 5!
The goblin shoots a stone.
The stone hits you.
* * * LOW HITPOINT WARNING * * *
The goblin shoots a stone.
The stone hits you.
* * * LOW HITPOINT WARNING * * *
You start resting.
A goblin is nearby!
Casting: Scorch (safe; 9% risk of failure)
Confirm with . or Enter, or press ? or * to list all spells.
Flames lash the goblin.
You kill the goblin!
You hear a splash. x3
Found 10 gold pieces.
The goblin shoots a stone.
The stone hits you but does no damage.
Casting: Scorch (safe; 9% risk of failure)
Confirm with . or Enter, or press ? or * to list all spells.
Flames lash the goblin.
You kill the goblin!
You hear a splash.
The goblin shoots a stone.
The stone hits you.
* * * LOW HITPOINT WARNING * * *
The goblin shoots a stone.
The stone hits you.
You die...

.#.# ####g##≈#
#≈≈≈#( #.# .#.### #
#g##≈###≈≈≈# ..#
.#...
..#≈g####≈≈#≈#
.#'#####.#≈)#
##≈g#≈#
.).......#≈≈#
#≈≈####
#).......##≈# #≈§#
#.........#≈# #≈≈#
#.........#≈#.##≈#
#..............#@#
##'#####.......#≈≈#
##.######g######≈≈#
............g..##≈≈
##...)......##g#
≈≈≈
#[.÷........##.#
#≈$.
##......#.####g#
≈...
..............g#
#....
##...#.##.####g# ..


You could see a goblin.

Vanquished Creatures
  An adder (D:2)
  A worm (D:2)
  4 endoplasms (D:1)
  A giant cockroach (D:1)
  10 goblins
  5 hobgoblins
  2 kobolds
  2 quokkas (D:1)
  3 bats
  4 frilled lizards
  4 rats
37 creatures vanquished.

Notes
Turn   | Place    | Note
-------+----------+-------------------------------------------
     0 | D:1      | kae the Hill Orc Cinder Acolyte began the quest for the
                  | Orb.
     0 | D:1      | Reached XP level 1. HP: 19/19 MP: 2/2
   406 | D:1      | Reached XP level 2. HP: 25/27 MP: 3/3
   998 | D:1      | Reached XP level 3. HP: 33/33 MP: 4/4
  1221 | D:1      | Found a faded altar of an unknown god.
  1687 | D:2      | Learned a level 2 spell: Scorch
  1977 | D:2      | Noticed Robin
  2025 | D:2      | Reached skill level 5 in Axes
  2045 | D:2      | Shot with a stone by a goblin

Illustrated notes

Levels and vault maps discovered:
D:1:      beargit_arrival_diablo_church, layout_basic,
          chequers_ecumenical_altar_simple, minmay_tromino_v2
D:2:      layout_basic, serial_rivers, chequers_serial_rivers_small_b,
          chequers_serial_rivers_room_b, chequers_serial_rivers_micro_e,
          chequers_serial_rivers_large_b, chequers_serial_rivers_large_a,
          uniq_crazy_yiuf_cottage, uniq_robin

Skill      XL: |  1  2  3 |
---------------+----------+-----
Fighting       | 4 |  4.1
Axes           | 5 |  5.0
Spellcasting   | |  1.4
Fire Magic     | |  3.7

Action                   || total
-------------------------++-------
Melee: Hand axe          ||   101
 Cast: Scorch            ||     6
  Use: Scroll            ||     3
Armor: Robe              ||    15
Dodge: Dodged            ||    73

Table legend: (Time is in decaauts)
 A = Elapsed time spent in this place.
 B = Non-inter-level travel time spent in this place.
 C = Inter-level travel time spent in this place.
 D = Time resting spent in this place.
 E = Time spent auto-exploring this place.
 F = Levels seen in this place.
 G = Mean time per level.
                   A        B        C        D        E       F      G
               +--------+--------+--------+--------+--------+-----+--------+
         Total |   2072 |   2049 |     23 |     49 |   1685 |   2 | 1036.0 |
       Dungeon |   2072 |   2049 |     23 |     49 |   1685 |   2 | 1036.0 |
               +--------+--------+--------+--------+--------+-----+--------+

Top non-repeatable levels by time:
     D:1: 1265 daAuts
     D:2: 806 daAuts
